 Dungeon Crawl Stone Soup version 0.32-a0-999-gfa1cc04b1d (webtiles) character file.

Game seed: 6699233036058856163

118257 dialectric the Impaler (level 16, -6/205 HPs)
             Began as a Demonspawn Fighter on Apr 24, 2024.
             Was a High Priest of Trog.
             Mangled by a water elemental (10 damage)
             ... on level 2 of the Shoals.
             The game lasted 00:43:52 (26600 turns).

dialectric the Impaler (Demonspawn Fighter)        Turns: 26600, Time: 00:43:52

Health: -6/205     AC: 29    Str: 31    XL:     16   Next: 25%
Magic:  7/7        EV: 19    Int: 10    God:    Trog [*****.]
Gold:   1769       SH:  9    Dex: 17    Spells: 15/15 levels left

rFire   + + +        j - +12 trident "Demonslayer" {heavy, Str+3}
rCold   + . .        V - +2 buckler {rC+}
rNeg    + . .        a - +2 ring mail {rF+}
rPois   +            (helmet unavailable)
rElec   .            N - +0 cloak
rCorr   .            L - +3 pair of gauntlets of War {Slay+5}
SInv    +            Y - +2 pair of boots
Will    +....        J - amulet "Daejov" {Faith Rampage rC+ rN+} Stlth
                     p - ring "Mewn" {Fire rPois MP-9 Str+4 Dex+5}
HPRegen 0.54/turn    t - +5 ring of evasion
MPRegen 0.10/turn

%: rampage, faith
@: mighty, berserking, engulfed (cannot breathe), sanguine armoured, wreathed by
umbra, studying Necromancy, slow
A: antennae 3, powered by pain 2, sanguine armour 2, foul shadow 2, talons 1,
fire resistance 1, robust 1
a: Renounce Religion, Berserk, Trog's Hand, Brothers in Arms


You were on level 2 of the Shoals.
You worshipped Trog.
Trog was extremely pleased with you.
You visited 5 branches of the dungeon, and saw 24 of its levels.
You also visited: Ossuary and Volcano.

You collected 1839 gold pieces.
You spent 70 gold pieces at shops.

Inventory:

Hand Weapons
 j - the +12 trident "Demonslayer" (weapon) {heavy, Str+3}
   (You took it off a spriggan rider on level 13 of the Dungeon)

   Str+3:     It affects your strength (+3).
 H - the +8 great mace of the Mind {antimagic, ^Drain Str+2 Dex+4 SInv}
   (You found it on level 5 of the Lair of Beasts)

   Str+2:     It affects your strength (+2).
   Dex+4:     It affects your dexterity (+4).
   SInv:      It lets you see invisible.
   ^Drain:    It drains your maximum health when unequipped.
 O - a +9 demon trident of electrocution
 X - a +1 hand cannon of flaming
Missiles
 q - 7 curare-tipped darts (quivered)
 S - 4 throwing nets
Armour
 a - a +2 ring mail of fire resistance (worn)
 L - the +3 pair of gauntlets of War (worn) {Slay+5}
   (You acquired it on level 13 of the Dungeon)

   Slay+5:    It affects your accuracy & damage with ranged weapons and melee
   (+5).
 N - a +0 cloak (worn)
 V - a +2 buckler of cold resistance (worn)
 Y - a +2 pair of boots (worn)
Jewellery
 l - a ring of poison resistance
 p - the ring "Mewn" (left hand) {Fire rPois MP-9 Str+4 Dex+5}
   (You found it on level 9 of the Dungeon)

   [ring of fire]

   Fire:      It enhances your fire magic.
   Str+4:     It affects your strength (+4).
   Dex+5:     It affects your dexterity (+5).
   rF+:       It protects you from fire.
   rC-:       It makes you vulnerable to cold.
   rPois:     It protects you from poison.
   MP-9:      It affects your magic capacity (-9).
 s - an amulet of regeneration
 t - a +5 ring of evasion (right hand)
 y - an amulet of reflection
 J - the amulet "Daejov" (around neck) {Faith Rampage rC+ rN+}
   (You acquired it on level 7 of the Dungeon)

   [amulet of faith]

   Faith:     It allows you to gain divine favour quickly.
   rC+:       It protects you from cold.
   rN+:       It protects you from negative energy.
   Rampage:   It bestows one free step when moving towards enemies.
 W - a +4 ring of protection
Wands
 v - a wand of mindburst (6)
 G - a wand of light (9)
 K - a wand of iceblast (15)
 Q - a wand of paralysis (12)
 R - a wand of flame (45)
Scrolls
 b - a scroll of summoning
 g - 6 scrolls of vulnerability
 h - 4 scrolls of enchant armour
 i - 4 scrolls of poison
 n - a scroll of silence
 u - 10 scrolls of teleportation
 D - 6 scrolls of blinking
 F - 4 scrolls of torment
 P - a scroll of immolation
 T - 3 scrolls of fog
 U - 4 scrolls of fear
 Z - a scroll of revelation
Potions
 c - 3 potions of ambrosia
 d - a potion of resistance
 f - 11 potions of curing
 k - a potion of attraction
 m - 3 potions of heal wounds
 o - 3 potions of lignification
 r - 4 potions of enlightenment
 w - 3 potions of invisibility
 x - 4 potions of might
 z - 3 potions of magic
 A - a potion of cancellation
 B - 12 potions of degeneration
 C - 5 potions of haste
 E - 4 potions of brilliance
 I - 3 potions of berserk rage
 M - 4 potions of mutation
Miscellaneous
 e - a lightning rod (4/4)


   Skills:
 + Level 11.3 Fighting
 - Level 16.3 Polearms
 * Level 14.0 Armour
 + Level 6.6 Dodging
 + Level 11.8 Shields
 - Level 7.1 Evocations


You had 15 spell levels left.
You didn't know any spells.
Your spell library contained the following spells:

 Spells                   Type           Power      Damage    Failure   Level
 Apportation              Tloc           0%         N/A       47%         1
 Necrotise                Necr           0%         1d4       47%         1
 Sting                    Conj/Alch      0%         1d3       47%         1
 Summon Small Mammal      Summ           0%         N/A       47%         1


Dungeon Overview and Level Annotations

Branches:
Dungeon (15/15)            Temple (0/1) D:4            Lair (5/5) D:8
 Shoals (2/4) Lair:3       Spider (1/4) Lair:3        Slime (0/5) Lair:5
 Vaults (0/5) D:13         Depths (1/4) D:15        Ossuary (visited)
Volcano (visited)
    Orc: D:9-12

Altars:
Ashenzari
Hepliaklqana
Makhleb
Qazlal
Ru
Trog
Uskayaw
Xom
Yredelemnul
Beogh

Shops:
D:6 !   D:10 *   D:13 (   D:15 *[

Annotations:
D:6 1 runed translucent door
Shoals:1 2 transporters, Pokonic1's ghost, journeyman DsFi


Innate Abilities, Weirdness & Mutations

You have a pair of large antennae on your head. (SInv)
You sometimes gain power by taking damage.
When seriously injured, your blood forms thick armour. (AC +9)
You are shadowed, sometimes releasing foul flame when damaged in melee.
You have sharp toenails.
Your flesh is heat resistant. (rF+)
You are robust. (+10% HP)


Message History

You are too injured to fight recklessly!
You are too injured to fight recklessly!
Unknown command.
The water nymph closely misses you.
The water elemental completely misses you.
You block the water nymph's attack. The water elemental closely misses you.
A red film seems to cover your vision as you go berserk!
You feel yourself moving faster!
You feel mighty! The water nymph casts a spell at you.
The water swirls and strikes you!!
* * * LOW HITPOINT WARNING * * *
The water elemental hits you.
* * * LOW HITPOINT WARNING * * *
The water elemental engulfs you in water!
You impale the water nymph!!
The water nymph is heavily wounded.
* * * LOW HITPOINT WARNING * * *
Your lungs strain for air!
The water nymph points at you and mumbles some strange words.
The water swirls and strikes you!!
* * * LOW HITPOINT WARNING * * *
You focus on the pain.
You feel mightier all of a sudden.
Your unstable footing causes you to fumble your attack.
* * * LOW HITPOINT WARNING * * *
Your lungs strain for air!
You block the water elemental's attack.
Unknown command.
You impale the water nymph!!
You kill the water nymph!
Trog accepts your kill.
Trog appreciates your killing of a magic user.
* * * LOW HITPOINT WARNING * * *
Your lungs strain for air!
Unknown command.
Your unstable footing causes you to fumble your attack.
* * * LOW HITPOINT WARNING * * *
Your lungs strain for air!
The water elemental hits you!
You die...

~~..~~~~~~~~~~~~
~~~..~~~~~~~~~.~~
~ ..~~~~≈≈~~~~...~
~. #.~~≈~~~~~~~..~
~..##~~~~~~~~.....
~~...~~≈≈~~~~...##
~~...~~≈≈~~~.....#
~~~~~~~~@~~~~...#
~~~~~~~~E~<~~~..#
≈≈~~≈≈≈~~~~~~~~...
≈≈≈≈≈≈≈≈~~~~~~~~~~
≈≈≈≈≈≈≈≈~~~~~~~~~~
≈≈≈≈≈≈≈≈≈~~~~~~~~~
≈≈≈≈≈≈≈≈≈≈≈≈≈~~~~~
≈≈≈≈≈≈≈≈≈≈≈≈≈~~~~~
≈≈≈≈≈≈≈≈≈≈~~~~~


You could see a water elemental.

Vanquished Creatures
  Gastronok (D:10)
  Agnes (D:14)
  Roxanne (D:15)
  A fire giant (D:15)
  A stone giant (D:15)
  The ghost of Anchor the Spear-Bearer, a journeyman MiGl of Ashenzari (D:13)
  Azrael (D:15)
  An ettin (Depths:1)
  4 vault guards (D:13)
  The ghost of bananaken the Destroyer, a journeyman DsCj of Gozag (Lair:1)
  A merfolk avatar (Shoals:1)
  3 catoblepae (Lair:5)
  A centaur warrior (D:14)
  8 hydras
  2 ogre magi
  14 two-headed ogres
  3 boulder beetles
  An alligator snapping turtle (Shoals:1)
  A death yak (Lair:5)
  A tengu warrior (D:11)
  Urug (Lair:5)
  A demonic crawler (Lair:3)
  A deep troll earth mage (D:15)
  The ghost of Bediveer the Skirmisher, a novice OpHu of Gozag (D:9)
  A sun demon (Volcano)
  A skyshark (Shoals:1)
  4 skeletal warriors (D:12)
  Amaemon (D:10)
  3 sea snakes (Shoals:1)
  A harpy (Lair:3)
  4 deep elf pyromancers
  An orc sorcerer (D:10)
  An orc knight (D:15)
  8 manticores
  10 ugly things
  8 cyclopes
  14 elephants
  Joseph (D:9)
  A faun (Lair:1)
  9 black mambas
  A torpor snail (Lair:5)
  2 water nymphs
  3 unseen horrors
  A smoke demon (D:14)
  13 cane toads
  An orange demon (D:10)
  3 gargoyles
  2 yaktaurs
  A cane toad (shapeshifter) (D:14)
  6 rime drakes
  An efreet (D:11)
  7 kobold demonologists
  2 ice devils (Lair:2)
  A tengu conjurer (D:11)
  9 komodo dragons
  A troll (shapeshifter) (D:15)
  10 polar bears
  8 trolls
  7 merfolk (Shoals:1)
  Prince Ribbit (D:9)
  5 hornets
  25 blink frogs
  2 jumping spiders (Spider:1)
  2 snapping turtles (Shoals:1)
  5 dream sheep
  8 slime creatures
  3 shadows
  3 culicivoras
  A culicivora (shapeshifter) (D:15)
  2 vampires (D:14)
  23 spriggans
  3 wraiths (D:11)
  48 yaks
  3 basilisks
  6 wyverns
  An unseen horror simulacrum (D:9)
  Grum (D:9)
  A warg (shapeshifter) (D:15)
  15 vampire mosquitoes
  3 fire elementals (D:15)
  4 redbacks (Lair:3)
  An acid dragon (D:13)
  2 steam dragons (D:7)
  5 hell hounds (D:15)
  16 water moccasins
  8 ice beasts
  12 orc warriors
  A sky beast (D:8)
  An ice beast (shapeshifter) (D:14)
  5 black bears
  5 ogres
  29 wolves
  4 boggarts (Lair:5)
  2 centaurs
  6 kobold brigands
  2 weeping skulls (Ossuary)
  An elf zombie (Ossuary)
  2 gnoll sergeants (D:9)
  14 bullfrogs
  A scorpion (D:5)
  4 wights
  2 killer bees (D:11)
  An electric eel (Lair:3)
  A howler monkey (D:5)
  A bombardier beetle (D:6)
  A crimson imp (D:8)
  3 hounds
  3 jellies
  13 orc priests
  A gnoll bouda (D:9)
  A sleepcap (D:3)
  3 iguanas
  8 orc wizards
  2 centaur simulacra (D:9)
  4 mummies
  Robin (D:3)
  19 gnolls
  10 adders
  4 river rats (D:6)
  A shadow imp (D:8)
  3 white imps
  A howler monkey simulacrum (D:9)
  4 dart slugs
  A ribbon worm (D:5)
  51 orcs
  13 ball pythons
  8 endoplasms
  6 giant cockroaches
  3 gnoll zombies (Ossuary)
  20 goblins
  13 hobgoblins
  5 jackals
  33 kobolds
  5 quokkas
  6 bats
  4 frilled lizards
  A goblin zombie (D:7)
  A jackal zombie (D:6)
  A kobold skeleton (D:6)
  2 kobold zombies (Ossuary)
  3 orc zombies
  7 rats
755 creatures vanquished.

Vanquished Creatures (collateral kills)
  5 elephants (Lair:2)
  2 blink frogs (Lair:2)
  A water moccasin (Lair:2)
8 creatures vanquished.

Vanquished Creatures (others)
  An orc (D:7)
1 creature vanquished.

Grand Total: 764 creatures vanquished

Notes
Turn   | Place    | Note
-------+----------+-------------------------------------------
     0 | D:1      | dialectric the Demonspawn Fighter began the quest for the
                  | Orb.
     0 | D:1      | Reached XP level 1. HP: 18/18 MP: 1/1
    82 | D:1      | Reached skill level 2 in Polearms
    82 | D:1      | Gained mutation: You sometimes gain a little power by
                  | taking damage. [demonic ancestry]
    82 | D:1      | Reached XP level 2. HP: 21/24 MP: 2/2
   319 | D:1      | Gained mutation: When seriously injured, your blood forms
                  | armour. (AC +9) [demonic ancestry]
   319 | D:1      | Reached XP level 3. HP: 29/29 MP: 3/3
   885 | D:2      | Reached XP level 4. HP: 29/35 MP: 4/4
  1683 | D:3      | Noticed Robin
  1686 | D:3      | Killed Robin
  1892 | D:3      | Reached XP level 5. HP: 29/42 MP: 5/5
  1968 | D:3      | You fall into a shaft and drop 1 floor!
  1985 | D:4      | Noticed an orc warrior
  2512 | D:4      | Reached skill level 3 in Polearms
  2544 | D:4      | Reached skill level 1 in Dodging
  2641 | D:4      | Gained mutation: You have sharp toenails. [potion of
                  | mutation]
  2641 | D:4      | Gained mutation: Your flesh is heat resistant. (rF+)
                  | [potion of mutation]
  2641 | D:4      | Gained mutation: You are robust. (+10% HP) [potion of
                  | mutation]
  2797 | D:5      | Entered Level 5 of the Dungeon
  2817 | D:5      | Gained mutation: You sometimes gain power by taking damage.
                  | [demonic ancestry]
  2817 | D:5      | Reached XP level 6. HP: 52/52 MP: 6/6
  3410 | D:5      | Reached XP level 7. HP: 60/60 MP: 7/7
  3529 | D:5      | Found a bloodstained altar of Trog.
  4120 | D:5      | Became a worshipper of Trog the Wrathful
  4196 | D:5      | Reached skill level 5 in Fighting
  4206 | D:5      | Reached skill level 4 in Polearms
  4206 | D:5      | Reached skill level 5 in Armour
  4246 | D:6      | Found a sacrificial altar of Ru.
  4345 | D:6      | Reached XP level 8. HP: 38/68 MP: 8/8
  4373 | D:6      | Found a hazy altar of Hepliaklqana.
  4427 | D:6      | Reached skill level 5 in Polearms
  4539 | D:6      | Reached * piety under Trog
  4714 | D:6      | Found a runed translucent door.
  4727 | D:6      | Found a basalt altar of Yredelemnul.
  4800 | D:6      | Found Tibuczye's Distillery.
  4810 | D:6      | Bought a potion of heal wounds for 70 gold pieces
  5091 | D:7      | Reached skill level 6 in Polearms
  5141 | D:7      | Found a sand-covered staircase.
  5149 | Ossuary  | Entered an ossuary
  5756 | D:7      | Gained mutation: You have a pair of small antennae on your
                  | head. [demonic ancestry]
  5756 | D:7      | Reached XP level 9. HP: 74/74 MP: 9/9
  5923 | D:7      | Noticed a purple ugly thing
  5936 | D:7      | Killed a purple ugly thing
  5973 | D:7      | Noticed a deep elf pyromancer
  5985 | D:7      | Killed a deep elf pyromancer
  5986 | D:7      | Reached skill level 7 in Polearms
  6023 | D:7      | Identified a scroll of acquirement
  6024 | D:7      | Acquired the amulet "Daejov" {Faith Rampage rC+ rN+}
  6170 | D:4      | Reached ** piety under Trog
  6675 | D:4      | Found a staircase to the Ecumenical Temple.
  6992 | D:8      | Noticed a polar bear
  7022 | D:8      | Killed a polar bear
  7049 | D:8      | Reached *** piety under Trog
  7056 | D:8      | Reached XP level 10. HP: 42/82 MP: 10/10
  7066 | D:8      | Reached skill level 5 in Shields
  7070 | D:8      | Reached skill level 8 in Polearms
  7216 | D:8      | Found a staircase to the Lair.
  7508 | D:8      | Found a hide-covered altar of Uskayaw.
  7573 | D:8      | Found a broken altar of Ashenzari.
  7640 | D:8      | Found a burning altar of Makhleb.
  7640 | D:8      | Found a shimmering altar of Xom.
  7944 | D:8      | Acquired a +0 demon trident of electrocution
  8134 | D:9      | Noticed Grum
  8170 | D:9      | Killed Grum
  8378 | D:9      | Reached **** piety under Trog
  8450 | D:9      | Found a runed translucent gate.
  8451 | D:9      | Found a runed translucent gate.
  8451 | D:9      | Found a runed translucent gate.
  8706 | D:9      | Reached skill level 9 in Polearms
  8725 | D:9      | Noticed Bediveer's ghost (novice OpHu)
  8781 | D:9      | Noticed Joseph
  8932 | D:9      | Killed Joseph
  9047 | D:9      | Noticed Prince Ribbit
  9052 | D:9      | Killed Prince Ribbit
  9286 | Lair:1   | Entered Level 1 of the Lair of Beasts
  9502 | Lair:1   | Noticed a cane toad
  9505 | Lair:1   | Killed a cane toad
  9506 | Lair:1   | Gained mutation: You have a pair of antennae on your head.
                  | [demonic ancestry]
  9506 | Lair:1   | Reached XP level 11. HP: 92/92 MP: 11/11
  9807 | Lair:1   | Found a runed translucent door.
  9810 | Lair:1   | Noticed bananaken's ghost (journeyman DsCj)
  9815 | Lair:1   | Reached skill level 10 in Polearms
 10979 | Lair:2   | Noticed a seven-headed hydra
 11062 | Lair:2   | Reached ***** piety under Trog
 11072 | Lair:2   | Reached skill level 11 in Polearms
 11079 | Lair:2   | Reached skill level 10 in Armour
 11204 | Lair:3   | Gained mutation: You are faintly shadowed, very rarely
                  | releasing foul flame when damaged in melee. [demonic
                  | ancestry]
 11204 | Lair:3   | Reached XP level 12. HP: 71/101 MP: 12/12
 11278 | Lair:3   | Found a hole to the Spider Nest.
 11499 | Lair:3   | Found a dark tunnel.
 11508 | Volcano  | Entered a volcano
 11647 | Volcano  | Reached skill level 12 in Polearms
 12504 | Lair:3   | Found a staircase to the Shoals.
 13041 | Lair:4   | Received a gift from Trog
 13134 | Lair:4   | Reached skill level 13 in Polearms
 13283 | Lair:4   | Gained mutation: You are shadowed, sometimes releasing foul
                  | flame when damaged in melee. [demonic ancestry]
 13283 | Lair:4   | Reached XP level 13. HP: 100/107 MP: 13/13
 13614 | Lair:5   | Entered Level 5 of the Lair of Beasts
 13614 | Lair:5   | Found a staircase to the Slime Pits.
 14240 | Lair:2   | Reached skill level 14 in Polearms
 14806 | D:10     | Entered Level 10 of the Dungeon
 15063 | D:10     | Noticed Gastronok
 15074 | D:10     | Killed Gastronok
 15075 | D:10     | Reached skill level 10 in Shields
 15075 | D:10     | Reached skill level 1 in Evocations
 15106 | D:10     | Noticed Amaemon
 15127 | D:10     | Killed Amaemon
 15402 | D:10     | Found Fankoguf's General Store.
 15432 | D:10     | Found a stormy altar of Qazlal.
 16297 | D:11     | Received a gift from Trog
 16305 | D:11     | Identified the +8 shortbow of Cawkesk {heavy, Will+ Str+4}
 16325 | D:11     | Gained mutation: You have a pair of large antennae on your
                  | head. (SInv) [demonic ancestry]
 16325 | D:11     | Reached XP level 14. HP: 115/115 MP: 14/14
 17993 | D:13     | Found a gate to the Vaults.
 18009 | D:13     | Reached skill level 15 in Polearms
 18328 | D:9      | Killed Bediveer's ghost
 18374 | D:9      | Got the ring "Mewn" {Fire rPois MP-9 Str+4 Dex+5}
 18581 | Lair:1   | Killed bananaken's ghost
 18697 | Lair:5   | Received a gift from Trog
 18722 | Lair:5   | Reached ****** piety under Trog
 19031 | Lair:5   | Reached skill level 5 in Evocations
 19036 | Lair:5   | Received a gift from Trog
 19685 | Lair:5   | Gained mutation: When seriously injured, your blood forms
                  | thick armour. (AC +9) [demonic ancestry]
 19685 | Lair:5   | Reached XP level 15. HP: 109/125 MP: 6/15
 19985 | Lair:5   | Identified the +10 hand axe "Rahyg" {flame, rF+ rCorr Int+6
                  | Dex-3}
 20208 | Lair:5   | Received a gift from Trog
 20236 | Lair:5   | Noticed Urug
 20246 | Lair:5   | Killed Urug
 20249 | Lair:5   | Identified the +8 great mace of the Mind {antimagic, ^Drain
                  | Str+2 Dex+4 SInv}
 20533 | Spider:1 | Entered Level 1 of the Spider Nest
 20558 | Spider:1 | Reached skill level 16 in Polearms
 21250 | D:13     | Acquired the +3 pair of gauntlets of War {Slay+5}
 21250 | D:13     | Found the +3 pair of gauntlets of War {Slay+5}
 21344 | D:13     | Reached skill level 10 in Fighting
 21493 | D:13     | Found Noprill's Weapon Shoppe.
 21694 | D:13     | Found a runed translucent door.
 21696 | D:13     | Noticed Anchor's ghost (journeyman MiGl)
 21698 | D:13     | Identified the +12 trident "Demonslayer" {heavy, Str+3}
 21996 | D:13     | Killed Anchor's ghost
 22560 | D:14     | Noticed Agnes
 22565 | D:14     | Killed Agnes
 22914 | D:14     | Found a burning altar of Makhleb.
 23116 | D:14     | Identified the +7 glaive of Ciul {flame, rElec Str+3 Dex+2
                  | Stlth-} (Trog gifted it to you on level 14 of the Dungeon)
 23116 | D:14     | Received a gift from Trog
 23191 | D:15     | Entered Level 15 of the Dungeon
 23207 | D:15     | Paralysed by an ogre mage for 4 turns
 23222 | D:14     | Reached skill level 5 in Dodging
 23727 | D:15     | Noticed Roxanne
 23957 | D:15     | Found Rofod's Antique Armour Shop.
 23963 | D:15     | Noticed Azrael
 23973 | D:15     | Killed Azrael
 24130 | D:15     | Noticed a fire giant
 24135 | D:15     | Killed a fire giant
 24136 | D:15     | Found Focw's Mayhem Merchandise.
 24252 | D:15     | Found a roughly hewn altar of Beogh.
 24260 | D:15     | Received a gift from Trog
 24669 | D:15     | Reached XP level 16. HP: 136/136 MP: 7/16
 24820 | D:15     | Killed Roxanne
 25049 | D:15     | Found a staircase to the Depths.
 25090 | Depths:1 | Entered Level 1 of the Depths
 25443 | Shoals:1 | Entered Level 1 of the Shoals
 26360 | Shoals:1 | Found a transporter.
 26362 | Shoals:1 | Found a transporter.
 26365 | Shoals:1 | Noticed Pokonic1's ghost (journeyman DsFi)
 26365 | Shoals:1 | Noticed a kraken
 26599 | Shoals:2 | HP: 8/205 [drowned by a water elemental (4)]
 26600 | Shoals:2 | Mangled by a water elemental

Illustrated notes

Levels and vault maps discovered:
D:1:      dpeg_arrival_orchard, layout_loops_ring
D:2:      layout_loops_ring, minmay_goblin_outpost
D:3:      layout_basic, uniq_robin
D:4:      layout_cave_pods, temple_pool_b, serial_column_ruins,
          column_ruins_hut, column_ruins_circle_small, column_ruins_grid_3,
          column_ruins_open_tiny, column_ruins_open_tiny,
          column_ruins_corridor_straight, column_ruins_corridor_straight,
          column_ruins_open_large, minmay_manual_monstrance
D:5:      nicolae_cairo_tiling_large_dashed, layout_layer_cave,
          mainiacjoe_overflow_tiny_flanked, chequers_serial_rivers_micro_d
D:6:      wad_woods_stonehenge, layout_rooms, dk_yredelemnul_ordeal,
          nicolae_ru_the_path_less_chosen, serial_shops, shop
D:7:      layout_cave_pods, nicolae_ossuary_entry_giza, minivault_10,
          minmay_small_thing
D:8:      layout_basic, grunt_temple_overflow_champion_of_chaos,
          mainiacjoe_overflow_catch_the_wave, hellmonk_lair_entry_icy,
          wad_floor_pattern_untrapped, serial_bayou_pond_a
D:9:      layout_basic, gammafunk_ghost_icy, uniq_joseph, uniq_prince_ribbit1,
          uniq_grum
D:10:     layout_loops_cross, mainiacjoe_overflow_concentric_impassable,
          serial_shops, nicolae_take_the_stairs, minmay_librarian, uniq_amaemon,
          uniq_gastronok
D:11:     minmay_imperfect_grid, layout_irregular_city
D:12:     layout_basic, minmay_orc_entry_guard_dogs
D:13:     layout_roguey, lightli_vaults_fourway_checkpoint, serial_shops, shop,
          ebering_ghost_funeral_grove
D:14:     layout_irregular_city, minivault_27, demons_altar, uniq_agnes
D:15:     hellmonk_depths_entry_around_the_bend, layout_small_grid, special_room
          [special_room_orc], serial_shops, nicolae_shop_just_a_little_nook,
          nicolae_two_hexagons, minmay_shop_mayhem, uniq_roxanne, uniq_azrael
Lair:1:   kb_forest_paths, layout_gridlike, hellmonk_ghost_happy_afterlife,
          grunt_forest_large_clearings
Lair:2:   layout_regular_city, portal_ice_cave_demonic_guard, grunt_megastairs_2
Lair:3:   layout_cave_pods, mainiacjoe_shoals_entry_four_pools,
          hellmonk_spider_entry_life_and_decay, lightli_volcano_entry_magma_tube
Lair:4:   layout_big_grid
Lair:5:   minmay_lair_end_enchanted_forest, layout_regular_city, slime_entry_1,
          grunt_forest_large_clearing_hut, uniq_urug
Shoals:1: layout_shoals, ebering_ghost_davey_jones
Shoals:2: layout_shoals, uniq_polyphemus
Spider:1: layout_spider_delve
Depths:1: layout_basic, serial_shops, shop, rand_demon_pan_entry_9, hell_entry,
          minmay_room_of_horrors, kennysheep_small_spiral,
          regret_index_xom_buried_treasure, drop_trap, minmay_pinched_square

Skill      XL: |  1  2  3  4  5  6  7  8  9 10 11 12 13 14 15 16 |
---------------+-------------------------------------------------+-----
Polearms       | 2 3 4 6 7 9 11 13 14 15 16 | 16.3
Shields        | 3 4 6 7 9 10 11 | 11.8
Armour         | 3 4 5 7 8 9 10 11 12 13 14 | 14.0
Fighting       | 4 5 7 8 9 10 11 | 11.3
Dodging        | 1 2 4 6 |  6.6
Evocations     | 2 5 7 |  7.1

Action                     |  1- 3 |  4- 6 |  7- 9 | 10-12 | 13-15 | 16-18 || total
---------------------------+-------+-------+-------+-------+-------+-------++-------
  Melee: Trident           |   109 |   257 |   436 |    65 |   248 |   137 ||  1252
         Kick              |       |    15 |   125 |   147 |       |       ||   287
         Demon trident     |       |       |       |   664 |   978 |       ||  1642
  Throw: Dart              |       |     2 |     2 |       |       |       ||     4
 Invoke: Berserk           |       |       |     5 |     8 |    20 |     3 ||    36
         Brothers in Arms  |       |       |       |       |     1 |       ||     1
  Evoke: Lightning rod     |       |       |       |       |     4 |       ||     4
    Use: Potion            |       |     2 |     1 |       |       |       ||     3
         Scroll            |       |       |    12 |    10 |    17 |       ||    39
   Stab: Sleeping          |       |       |     2 |     1 |     4 |       ||     7
 Armour: Scale mail        |    93 |   209 |   226 |       |       |       ||   528
         Steam dragon scal |       |       |    62 |   116 |       |       ||   178
         Ring mail         |       |       |       |   201 |   510 |    71 ||   782
  Dodge: Dodged            |    30 |   121 |   226 |   431 |   730 |    87 ||  1625
  Block: Buckler           |     2 |       |       |    43 |   399 |    44 ||   488

Table legend: (Time is in decaauts)
 A = Elapsed time spent in this place.
 B = Non-inter-level travel time spent in this place.
 C = Inter-level travel time spent in this place.
 D = Time resting spent in this place.
 E = Time spent auto-exploring this place.
 F = Levels seen in this place.
 G = Mean time per level.
                   A        B        C        D        E       F      G
               +--------+--------+--------+--------+--------+-----+--------+
         Total |  26606 |  24583 |   2023 |    670 |  17537 |  26 | 1023.3 |
       Dungeon |  17359 |  15871 |   1488 |    627 |  11476 |  15 | 1157.3 |
          Lair |   7338 |   6804 |    534 |     32 |   4820 |   5 | 1467.6 |
        Shoals |   1249 |   1249 |      0 |     10 |    860 |   2 |  624.5 |
   Spider Nest |     48 |     48 |      0 |      0 |      3 |   1 |   48.0 |
        Depths |     48 |     48 |      0 |      0 |     24 |   1 |   48.0 |
       Ossuary |    218 |    218 |      0 |      0 |    104 |   1 |  218.0 |
       Volcano |    343 |    343 |      0 |      0 |    249 |   1 |  343.0 |
               +--------+--------+--------+--------+--------+-----+--------+

Top non-repeatable levels by time:
  Lair:1: 2012 daAuts
  Lair:5: 1801 daAuts
    D:15: 1649 daAuts
  Lair:3: 1606 daAuts
    D:11: 1599 daAuts
     D:8: 1458 daAuts
     D:5: 1447 daAuts
    D:13: 1421 daAuts
    D:14: 1302 daAuts
    D:10: 1248 daAuts
Shoals:1: 1236 daAuts
     D:9: 1174 daAuts
  Lair:2: 1132 daAuts
     D:3: 1061 daAuts
     D:7: 1060 daAuts
